 Dungeon Crawl Stone Soup version 0.28.0-49-g6dfe1f597d (webtiles) character file.

Game seed: 1063003432823135220

1260 101zpm the Magician (level 8, 0/50 HPs)
             Began as a Djinni Fire Elementalist on May 17, 2022.
             Slain by Duvessa
             ... wielding a +1 short sword of protection
              (7 damage)
             ... on level 5 of the Dungeon.
             The game lasted 00:17:25 (8966 turns).

101zpm the Magician (Djinni Fire Elementalist)      Turns: 8966, Time: 00:17:25

Health: 0/50       AC:  4    Str: 11    XL:     8   Next: 81%
Gold:   967        EV: 12    Int: 19    God:
                   SH:  0    Dex: 14

rFire   + + .      SeeInvis .   l - +2 quarterstaff (spect)
rCold   + . .      Faith    .   (shield currently unavailable)
rNeg    . . .      Spirit   .   a - +0 robe
rPois   ∞          Reflect  .   z - +0 helmet of Sogesug {rC+ Str+4}
rElec   .          Harm     .   h - +0 cloak
rCorr   .          Rampage  .   (no gloves)
Will    .....                   (boots unavailable)
Stlth   +.........              (no amulet)
HPRegen 0.16/turn               n - ring of protection from fire
MPRegen 0.00/turn               u - ring of ice

@: lit by a corona, flying, glowing
A: sickness immunity, fire resistance 2, cold vulnerability 1, float, innate
caster, HP casting, extra vitality 1
a: no special abilities


You were on level 5 of the Dungeon.
You visited 1 branch of the dungeon, and saw 6 of its levels.

You collected 967 gold pieces.

Inventory:

Hand Weapons
 l - a +2 spectral quarterstaff (weapon)
Missiles
 k - a throwing net
 y - 2 boomerangs
Armour
 a - a +0 robe (worn)
 h - a +0 cloak (worn)
 z - the +0 helmet of Sogesug (worn) {rC+ Str+4}
   (You found it on level 5 of the Dungeon)

   Str:       It affects your strength (+4).
   rC:        It protects you from cold.
 C - the +6 scale mail "Ylox Kudu" {rF- rC- Int+6 Dex+4}
   (You found it on level 5 of the Dungeon)

   Int:       It affects your intelligence (+6).
   Dex:       It affects your dexterity (+4).
   rF:        It makes you vulnerable to fire.
   rC:        It makes you vulnerable to cold.
Jewellery
 n - a ring of protection from fire (left hand)
 u - a ring of ice (right hand)
Wands
 m - a wand of flame (35)
 B - a wand of paralysis (2)
Scrolls
 c - 2 scrolls of noise
 e - 2 scrolls of immolation
 f - 2 scrolls of blinking
 g - 3 scrolls of teleportation
 i - 2 scrolls of enchant weapon
 p - a scroll of identify
 q - a scroll of magic mapping
 r - a scroll of amnesia {unknown}
 v - a scroll of fog {unknown}
 w - a scroll of vulnerability {unknown}
 x - 2 scrolls of enchant armour {unknown}
 A - a scroll of silence {unknown}
Potions
 b - a potion of experience {unknown}
 d - 4 potions of curing {unknown}
 j - a potion of might {unknown}
 o - a potion of heal wounds {unknown}
 s - a potion of lignification {unknown}
 t - a potion of haste {unknown}


   Skills:
 + Level 2.8 Dodging
 + Level 3.1 Stealth
 + Level 7.6 Spellcasting


You had 4 spell levels left.
You knew the following spells:

 Your Spells              Type           Power      Damage    Failure   Level
a - Foxfire               Conj/Fire      100%       2x1d9     1%          1
b - Scorch                Fire           72%        2d9       1%          2
c - Conjure Flame         Conj/Fire      36%        6-21      1%          3
d - Inner Flame           Hex/Fire       36%        N/A       1%          3
e - Flame Wave            Conj/Fire      36%        2d9       4%          4
f - Animate Skeleton      Necr           72%        N/A       1%          1
g - Blink                 Tloc           72%        N/A       1%          2
h - Call Imp              Summ           36%        N/A       1%          2
Your spell library was empty.

Dungeon Overview and Level Annotations

Branches:
Dungeon (6/15)
 Temple: D:4-7

Altars:
Ashenzari
Cheibriados

Annotations:
D:4 1 runed translucent door, Crazy Yiuf
D:5 Dowan, Duvessa


Innate Abilities, Weirdness & Mutations

You are immune to sickness and miasma.
You are immune to poison.
Your flesh is very heat resistant. (rF++)
You are vulnerable to cold. (rC-)
You float through the air rather than walking.
You learn spells naturally, not from books.
Your magical power is your life essence.
You have superior vitality. (+4 MHP)


Message History

Confirm with . or Enter, or press ? or * to list all spells.
Casting: Flame Wave (dangerous; 4% risk of failure)
Press: ? - help, Dir - look around, f - activate A wave of flame ripples out!
The flame wave engulfs Duvessa.
Duvessa is lightly wounded.
The flame wave engulfs Dowan.
Dowan is lightly wounded. (Press . to intensify the flame waves.) Duvessa hits you with a +1 short sword of protection!
Dowan closely misses you.
Casting: Flame Wave (dangerous; 4% risk of failure)
Confirm with . or Enter, or press ? or * to list all spells.
Restarting spell: Flame Wave (dangerous; 4% risk of failure)
Press: ? - help, Dir - look around, f - activate A wave of flame ripples out!
The flame wave engulfs Duvessa but does no damage.
The flame wave engulfs Dowan.
Dowan is lightly wounded. (Press . to intensify the flame waves.) Duvessa misses you.
Dowan hits you with a +0 dagger.
* * * LOW HITPOINT WARNING * * *
Casting: Flame Wave (dangerous; 4% risk of failure)
Confirm with . or Enter, or press ? or * to list all spells.
Restarting spell: Flame Wave (dangerous; 4% risk of failure)
Press: ? - help, Dir - look around, f - activate A wave of flame ripples out!
The flame wave engulfs Duvessa!
Duvessa is moderately wounded.
The flame wave engulfs Dowan!
Dowan is heavily wounded. (Press . to intensify the flame waves.)
* * * LOW HITPOINT WARNING * * *
Duvessa says, "Where magic fails, the sword succeeds!"
Duvessa hits you with a +1 short sword of protection.
* * * LOW HITPOINT WARNING * * *
Dowan casts a spell at you.
You are outlined in light.
Dowan casts a spell at Duvessa.
Duvessa seems to speed up.
Duvessa hits you with a +1 short sword of protection!
You die...

.....#...#....#....PPPPPPP.P.P#
#........###.......P..†P.....P#
#..................P.P.P.PPP.P#
....).<............P.P.P.P...P#
...................PPP.PPP.PPP#
...........#...:...P.........P#
..#..#...###.......PPP.P.PPP.P#
....###.......##.......P(P.P.P#
.........#.....#@.#P.P.P.P.P.P##
...##.#.#....).#e##P.P.P.P.....#
.###...##....e>...#PPP.PPPPPPP.#
####...##..#...##..#.#....####.#
...........##.###..............#
...........#..# ####....########
..............# #....##
..............# ##....##
........##....#######.....#


You could see Duvessa (fast).

Vanquished Creatures
  A hornet (D:6)
  A water moccasin (D:4)
  A black bear (D:6)
  A bullfrog (D:5)
  A scorpion (D:5)
  2 howler monkeys (D:5)
  2 bullfrog zombies (D:5)
  2 jellies (D:3)
  2 hounds
  An orc priest (D:4)
  2 iguanas (D:4)
  2 orc wizards (D:4)
  A killer bee zombie (D:6)
  A hound skeleton (D:4)
  A howler monkey skeleton (D:5)
  4 adders
  8 gnolls (D:5)
  2 ufetubi
  3 worms
  3 dart slugs
  5 orcs
  4 ball pythons
  13 endoplasms
  3 giant cockroaches
  3 goblins
  5 hobgoblins
  6 jackals
  14 kobolds
  5 quokkas
  3 bats
  2 frilled lizards
  3 rats
107 creatures vanquished.

Vanquished Creatures (collateral kills)
  An ogre (D:6)
  24 foxfires (D:5)
25 creatures vanquished.

Vanquished Creatures (others)
  579 foxfires
  6 fungi (D:3)
  9 toadstools (D:3)
594 creatures vanquished.

Grand Total: 726 creatures vanquished

Notes
Turn   | Place    | Note
-------+----------+-------------------------------------------
     0 | D:1      | 101zpm the Djinni Fire Elementalist began the quest for the
                  | Orb.
     0 | D:1      | Reached XP level 1. HP: 15/15 MP: 0/0
   551 | D:1      | Reached XP level 2. HP: 17/21 MP: 0/0
   909 | D:1      | Reached skill level 3 in Spellcasting
  1416 | D:1      | Found a faded altar of an unknown god.
  1443 | D:1      | Reached XP level 3. HP: 25/25 MP: 0/0
  1443 | D:1      | Learned a level 1 spell: Animate Skeleton
  2334 | D:2      | Reached XP level 4. HP: 26/31 MP: 0/0
  2453 | D:2      | Found a broken altar of Ashenzari.
  3082 | D:3      | Found a snail-covered altar of Cheibriados.
  3539 | D:3      | Reached skill level 4 in Spellcasting
  3539 | D:3      | Reached XP level 5. HP: 26/35 MP: 0/0
  3539 | D:3      | Learned a level 2 spell: Blink
  5541 | D:4      | Reached XP level 6. HP: 33/40 MP: 0/0
  5651 | D:4      | Reached skill level 5 in Spellcasting
  5824 | D:4      | Found a runed translucent door.
  5825 | D:4      | Noticed Crazy Yiuf
  6399 | D:5      | Entered Level 5 of the Dungeon
  6402 | D:5      | Reached XP level 7. HP: 34/45 MP: 0/0
  6402 | D:5      | Learned a level 2 spell: Call Imp
  6419 | D:6      | Noticed a hornet
  6683 | D:5      | Noticed a water moccasin
  6692 | D:4      | Killed a water moccasin
  6921 | D:5      | Reached skill level 6 in Spellcasting
  7210 | D:5      | Identified the +0 helmet of Sogesug {rC+ Str+4}
  7307 | D:6      | Identified a scroll of acquirement
  7308 | D:6      | Acquired 725 gold pieces
  7321 | D:6      | Noticed Dowan
  7323 | D:6      | Noticed Duvessa
  7327 | D:6      | Killed a hornet
  7328 | D:6      | Reached skill level 7 in Spellcasting
  7328 | D:6      | Reached XP level 8. HP: 17/50 MP: 0/0
  7902 | D:5      | Paralysed by a gnoll for 3 turns
  8458 | D:5      | Identified the +6 scale mail "Ylox Kudu" {rF- rC- Int+6
                  | Dex+4}
  8966 | D:5      | Slain by Duvessa

Illustrated notes

Levels and vault maps discovered:
D:1:      lemuel_arrival_rhombus, layout_basic,
          shapermc_ecumenical_altar_notcrosses, serial_curves, eino_curves_04,
          eino_curves_01
D:2:      layout_rooms, basic_altar, minmay_misc_feat_hallway,
          minmay_tetromino_t4
D:3:      cheibrodos_fertilizer, layout_basic, slow_altar_1,
          serial_corexii_hall, chequers_hall_statues_wall_a,
          chequers_hall_statues_wall_a, corexii_hall_statues_l,
          chequers_hall_statues_wall_a
D:4:      layout_layer_cave, uniq_crazy_yiuf_cottage
D:5:      layout_cave_pools, hangedman_decor_clover_reticule, minmay_hedge_maze
D:6:      layout_rooms, lightli_ossuary_entry_decrepit_ruins,
          minmay_misc_feat_roman, st_stairs_5, kennysheep_another_room,
          uniq_duvessa

Skill      XL: |  1  2  3  4  5  6  7  8 |
---------------+-------------------------+-----
Spellcasting   | 3 4 5 7 |  7.6
Stealth        | 2 3 |  3.1
Dodging        | |  2.8

Action                   |  1- 3 |  4- 6 |  7- 9 || total
-------------------------+-------+-------+-------++-------
Melee: Quarterstaff      |       |       |     4 ||     4
 Cast: Foxfire           |   105 |   159 |   100 ||   364
       Scorch            |     3 |    24 |    20 ||    47
       Animate Skeleton  |     1 |       |     1 ||     2
       Inner Flame       |       |     2 |    20 ||    22
       Call Imp          |       |       |     2 ||     2
       Flame Wave        |       |       |     3 ||     3
       Blink             |       |       |     2 ||     2
  Use: Scroll            |       |       |     9 ||     9
Armor: Robe              |     1 |     4 |     9 ||    14
Dodge: Dodged            |     2 |     6 |    20 ||    28
